 Dungeon Crawl Stone Soup version 0.29.1-1-gd02db6906a (webtiles) character file.

Game seed: 14334709639803654601

2435 safid the Skirmisher (level 9, -4/69 HPs)
             Began as a Minotaur Hunter on Oct 17, 2022.
             Was a Follower of Okawaru.
             Killed from afar by Maggie (17 damage)
             ... with a bolt of fire
             ... on level 8 of the Dungeon.
             The game lasted 00:18:41 (7579 turns).

safid the Skirmisher (Minotaur Hunter)              Turns: 7579, Time: 00:18:42

Health: -4/69      AC:  8    Str: 16    XL:     9   Next: 24%
Magic:  8/8        EV: 20    Int:  6    God:    Okawaru [*.....]
Gold:   13         SH:  5    Dex: 18    Spells: 8/8 levels left

rFire   . . .      SeeInvis .   a - +0 shortbow
rCold   . . .      Faith    .   (shield currently unavailable)
rNeg    . . .      Spirit   .   b - +0 troll leather armour
rPois   .          Reflect  +   (helmet restricted)
rElec   .          Harm     .   j - +2 cloak
rCorr   .          Rampage  .   y - +0 pair of gloves
Will    .....                   (no boots)
Stlth   ++........              h - amulet of reflection
HPRegen 1.01/turn               u - +4 ring of evasion
MPRegen 0.11/turn               p - +4 ring of evasion

@: mesmerised
A: horns 2, retaliatory headbutt
a: Renounce Religion, Heroism


You were on level 8 of the Dungeon.
You worshipped Okawaru.
Okawaru was aware of your devotion.
You visited 2 branches of the dungeon, and saw 9 of its levels.
You also visited: Ossuary.

You collected 439 gold pieces.
You spent 426 gold pieces at shops.

Inventory:

Hand Weapons
 a - a +0 shortbow (weapon)
Missiles
 l - 4 silver javelins
Armour
 b - a +0 troll leather armour (worn)
 j - a +2 cloak (worn)
 v - a +0 leather armour of fire resistance
 y - a +0 pair of gloves (worn)
Jewellery
 h - an amulet of reflection (around neck)
 p - a +4 ring of evasion (right hand)
 u - a +4 ring of evasion (left hand)
 B - a ring of ice
Wands
 C - a wand of flame (21)
Scrolls
 m - a scroll of brand weapon {unknown}
 n - 3 scrolls of teleportation
 q - 2 scrolls of magic mapping
 s - a scroll of enchant armour {unknown}
 x - a scroll of summoning {unknown}
 z - a scroll of enchant weapon {unknown}
 D - a scroll of fear
Potions
 c - a potion of resistance {unknown}
 e - 5 potions of mutation
 f - 2 potions of flight
 k - 2 potions of ambrosia
 o - 6 potions of curing
 A - a potion of might {unknown}


   Skills:
 - Level 3.0 Fighting
 + Level 14.0 Ranged Weapons
 - Level 2.1 Dodging
 - Level 0.7 Stealth


You had 8 spell levels left.
You didn't know any spells.
Your spell library contained the following spells:

 Spells                   Type           Power      Damage    Failure   Level
 Fulminant Prism          Conj/Hex       0%         3d6       99%         4
 Iskenderun's Mystic Bla  Conj/Tloc      0%         2d3       99%         4
 Lee's Rapid Deconstruct  Erth           0%         3d5*      100%        5


Dungeon Overview and Level Annotations

Branches:
Dungeon (8/15)             Temple (1/1) D:6         Ossuary (visited)
   Lair: D:8-11

Altars:
Ashenzari
Dithmenos
Elyvilon
Fedhas
Gozag
Hepliaklqana
Kikubaaqudgha
Nemelex Xobeh
Okawaru
Qazlal
Ru
Trog
Uskayaw
Vehumet
Wu Jian
Xom
Yredelemnul
Zin
The Shining One

Shops:
D:3 !   D:7 ??(

Annotations:
D:3 3 runed translucent doors, CougarLife's ghost, amateur MfSu
D:8 Maggie
Temple 2 transporters


Innate Abilities, Weirdness & Mutations

You have a pair of horns on your head.
You reflexively headbutt those who attack you in melee.


Message History

You shoot an arrow. The arrow hits Maggie!
Maggie is heavily wounded.
Maggie gestures wildly while chanting.
Maggie draws you further into her thrall.
Fire: a) +0 shortbow
Press: ? - help, Q - select action, (/) - cycle Shift-Dir - straight line, f/p - Maggie
Aim: Maggie, wielding a +0 vorpal halberd, wearing +2 swamp dragon scales and carrying a wand of iceblast (9) (heavily wounded, mesmerising, 72% to hit)
You shoot an arrow. The arrow barely misses Maggie.
Unknown command.
Fire: a) +0 shortbow
Press: ? - help, Q - select action, (/) - cycle Shift-Dir - straight line, f/p - Maggie
Aim: Maggie, wielding a +0 vorpal halberd, wearing +2 swamp dragon scales and carrying a wand of iceblast (9) (heavily wounded, mesmerising, 72% to hit)
You shoot an arrow. The arrow hits Maggie.
Maggie is severely wounded.
You hear a bellow!
You block Maggie's attack.
Okay, then.
Fire: a) +0 shortbow
Press: ? - help, Q - select action, (/) - cycle Shift-Dir - straight line, f/p - Maggie
Aim: Maggie, wielding a +0 vorpal halberd, wearing +2 swamp dragon scales and carrying a wand of iceblast (9) (severely wounded, mesmerising, 72% to hit)
You shoot an arrow.
The arrow hits Maggie but does no damage.
Maggie is severely wounded.
Maggie hits you from afar with a +0 vorpal halberd!
* * * LOW HITPOINT WARNING * * *
x2 Fire: a) +0 shortbow
Press: ? - help, Q - select action, (/) - cycle Shift-Dir - straight line, f/p - Maggie
Aim: Maggie, wielding a +0 vorpal halberd, wearing +2 swamp dragon scales and carrying a wand of iceblast (9) (severely wounded, mesmerising, 72% to hit)
You shoot an arrow.
The arrow hits Maggie but does no damage.
Maggie is severely wounded.
Maggie misses you.
Fire: a) +0 shortbow
Press: ? - help, Q - select action, (/) - cycle Shift-Dir - straight line, f/p - Maggie
Aim: Maggie, wielding a +0 vorpal halberd, wearing +2 swamp dragon scales and carrying a wand of iceblast (9) (severely wounded, mesmerising, 72% to hit)
You shoot an arrow. The arrow hits Maggie!
Maggie is severely wounded.
Maggie points at you and mumbles some strange words.
The bolt of fire hits you!
You die...

#.# #.#
#######†#######
#.#
#.............#
#.#
#.#####.#####.#
#.#
##..)####.###
#.#
#.##..#.†....).#
#..
#......####.#.#
###
#.####.#####.#.#
#. #......@..# #
#.#####........
#.# #.#@#####
... ..#Y# ##.#
### # ... ..# #.


You could see Maggie (mesmerising) and a yak.

Vanquished Creatures
  Prince Ribbit (D:6)
  A yak (D:8)
  A steam dragon (D:6)
  An orc warrior (D:7)
  An ice beast (D:7)
  2 black bears
  2 centaurs
  3 phantoms
  2 elf zombies (Ossuary)
  A kobold brigand (D:8)
  4 scorpions
  An electric eel (D:8)
  3 howler monkeys
  2 jellies
  2 centaur zombies (Ossuary)
  A hound (D:5)
  A human zombie (Ossuary)
  Ijyb (D:5)
  2 iguanas
  2 orc wizards
  2 mummies (Ossuary)
  4 gnolls (D:3)
  9 adders
  2 white imps (D:7)
  3 ufetubi
  2 adder zombies (Ossuary)
  4 worms
  4 dart slugs
  11 orcs
  4 bats
  7 endoplasms
  7 giant cockroaches
  7 goblins
  9 hobgoblins
  18 kobolds
  5 quokkas
  8 ball pythons
  4 frilled lizards
  A goblin zombie (Ossuary)
  12 hobgoblin zombies (Ossuary)
  A jackal zombie (Ossuary)
  9 kobold zombies (Ossuary)
  6 orc zombies (Ossuary)
  4 rats
  A rat zombie (Ossuary)
178 creatures vanquished.

Vanquished Creatures (others)
  A hound (D:5)
  2 orcs (D:6)
3 creatures vanquished.

Grand Total: 181 creatures vanquished

Notes
Turn   | Place    | Note
-------+----------+-------------------------------------------
     0 | D:1      | safid the Minotaur Hunter began the quest for the Orb.
     0 | D:1      | Reached XP level 1. HP: 18/18 MP: 0/0
   210 | D:1      | Reached XP level 2. HP: 25/25 MP: 1/1
   536 | D:1      | Reached skill level 5 in Ranged Weapons
   644 | D:1      | Found a faded altar of an unknown god.
   977 | D:1      | Reached XP level 3. HP: 31/31 MP: 2/2
  1202 | D:2      | Found a hazy altar of Hepliaklqana.
  1554 | D:2      | Reached skill level 6 in Ranged Weapons
  1554 | D:2      | Reached XP level 4. HP: 38/38 MP: 3/3
  1842 | D:3      | Reached XP level 5. HP: 45/45 MP: 4/4
  1846 | D:3      | Found Imax Ele's Distillery.
  1854 | D:3      | Bought a potion of invisibility for 80 gold pieces
  1854 | D:3      | Bought a potion of degeneration for 10 gold pieces
  1854 | D:3      | Bought a potion of curing for 30 gold pieces
  1867 | D:3      | Found a bloodstained altar of Trog.
  1881 | D:3      | Reached skill level 7 in Ranged Weapons
  2520 | D:3      | Found a runed translucent gate.
  2613 | D:3      | Found a runed translucent gate.
  2613 | D:3      | Found a runed translucent gate.
  2615 | D:3      | Noticed CougarLife's ghost (amateur MfSu)
  2667 | D:4      | Reached XP level 6. HP: 22/51 MP: 5/5
  2691 | D:4      | Reached skill level 8 in Ranged Weapons
  2828 | D:4      | Reached skill level 9 in Ranged Weapons
  2908 | D:4      | Reached XP level 7. HP: 14/57 MP: 6/6
  2921 | D:4      | Found a sand-covered staircase.
  2928 | Ossuary  | Entered an ossuary
  3393 | Ossuary  | Reached skill level 10 in Ranged Weapons
  3728 | D:3      | Bought a potion of curing for 30 gold pieces
  3728 | D:3      | Bought a potion of curing for 30 gold pieces
  3728 | D:3      | Bought a potion of curing for 30 gold pieces
  4066 | D:5      | Entered Level 5 of the Dungeon
  4083 | D:5      | Found an ornate altar of the Wu Jian Council.
  4091 | D:5      | Noticed a spectral centipede
  4091 | D:5      | Noticed a spectral black mamba
  4091 | D:5      | Noticed a spectral cane toad
  4151 | D:5      | Found a sparkling altar of Nemelex Xobeh.
  4368 | D:5      | Noticed Ijyb
  4417 | D:5      | Reached XP level 8. HP: 19/63 MP: 7/7
  4434 | D:5      | Killed Ijyb
  4435 | D:5      | Reached skill level 11 in Ranged Weapons
  5402 | D:6      | Reached skill level 12 in Ranged Weapons
  5471 | D:6      | Found a shadowy altar of Dithmenos.
  5708 | D:6      | Found a staircase to the Ecumenical Temple.
  5775 | Temple   | Entered the Ecumenical Temple
  5775 | Temple   | Found a transporter.
  5775 | Temple   | Found a transporter.
  5777 | Temple   | Found a transporter.
  5777 | Temple   | Found a transporter.
  5798 | Temple   | Became a worshipper of Warmaster Okawaru
  5931 | D:6      | Noticed Prince Ribbit
  5954 | D:6      | Killed Prince Ribbit
  6277 | D:7      | Reached skill level 13 in Ranged Weapons
  6314 | D:7      | Found a radiant altar of Vehumet.
  6364 | D:7      | Found Taturch's Weapon Emporium.
  6450 | D:7      | Found Jupron's Magic Scroll Shoppe.
  6458 | D:7      | Bought a scroll of identify for 24 gold pieces
  6458 | D:7      | Bought a scroll of teleportation for 36 gold pieces
  6458 | D:7      | Bought a scroll of fear for 48 gold pieces
  6458 | D:7      | Bought a scroll of identify for 24 gold pieces
  6458 | D:7      | Bought a scroll of teleportation for 36 gold pieces
  6475 | D:7      | Found Peningoj's Magic Scroll Shop.
  6521 | D:7      | Bought a scroll of identify for 24 gold pieces
  6977 | D:7      | Reached XP level 9. HP: 47/69 MP: 8/8
  7228 | D:7      | Bought a scroll of identify for 24 gold pieces
  7403 | D:8      | Found an opulent altar of Gozag.
  7404 | D:8      | Found a stormy altar of Qazlal.
  7516 | D:8      | Reached * piety under Okawaru
  7535 | D:8      | Reached skill level 14 in Ranged Weapons
  7560 | D:8      | Noticed Maggie
  7579 | D:8      | Killed from afar by Maggie

Illustrated notes

Levels and vault maps discovered:
D:1:      giann_horns, layout_loops_corners, nicolae_ecumenical_snake_handling
D:2:      layout_basic, basic_altar
D:3:      layout_loops_ring, nicolae_overflow_crystal_walls,
          ebering_ghost_rock_garden, serial_shops, shop
D:4:      layout_cave_pools, chequers_ossuary_entry_cave, serial_park_tiny_2
D:5:      layout_loops_cross, nemelex_spade_bored_becter,
          pdpol_wu_jian_five_deadly_venoms, uniq_ijyb
D:6:      layout_loops_ring, mainiacjoe_overflow_alcove_4, temple_hall,
          uniq_prince_ribbit1
D:7:      layout_basic, mainiacjoe_overflow_tiny_flanked, serial_shops,
          shop_statue, nicolae_square_shop, nicolae_shop_crystal
D:8:      layout_loops_ring, jmf_multi_god_temple2, nicolae_overflow_squiral,
          kennysheep_potato, uniq_joseph, uniq_maggie, uniq_psyche
Temple:   hellmonk_temple_divided_pantheon

Skill      XL: |  1  2  3  4  5  6  7  8  9 |
---------------+----------------------------+-----
Fighting       | 3 |  3.0
Ranged Weapons | 5 6 7 9 10 13 14 | 14.0
Dodging        | |  2.1
Stealth        | |  0.7

Action                   |  1- 3 |  4- 6 |  7- 9 || total
-------------------------+-------+-------+-------++-------
 Fire: Shortbow          |   103 |   206 |   419 ||   728
  Use: Potion            |       |     3 |     4 ||     7
       Scroll            |       |       |     9 ||     9
Armor: Leather armour    |     5 |    38 |    49 ||    92
Dodge: Dodged            |    14 |    86 |   109 ||   209
Block: Other             |     6 |    42 |    37 ||    85
       Reflection        |       |       |     3 ||     3
